[Event "Central-SRB chT 2018"]
[Site "Kragujevac"]
[Date "2018.09.15"]
[Round "2"]
[White "Soysal, Serkan"]
[Black "Ivanov, Mikhail M"]
[Result "1/2-1/2"]
[ECO "D20"]
[WhiteElo "2404"]
[BlackElo "2367"]
[Annotator "ChessBase"]
[PlyCount "44"]
[EventDate "2018.09.14"]
[EventType "team-tourn"]
[EventCountry "SRB"]
[SourceTitle "playchess.com"]
[Source "ChessBase"]
[SourceQuality "1"]
[TimeControl "40/5400+30:1800+30"]

1. d4 d5 2. c4 dxc4 3. e3 e5 4. Bxc4 Nc6 5. Nf3 e4 6. Nfd2 Qg5 7. Nxe4 Qxg2 8. Ng3 Nf6 9. Bf1 Qd5 10. Nc3 Bb4 11. Bd2 Qd8 12. a3 Be7 13. Bc4 O-O 14. Nh5 g6 15. Ng3 Bg4 16. f3 Bh3 17. Qe2 a6 18. Nce4 Nd5 19. Nc3 Nb6 20. Ba2 Kh8 21. O-O-O f5 22. Qf2 f4 1/2-1/2

[Event "Central-SRB chT 2018"]
[Site "Kragujevac"]
[Date "2018.09.15"]
[Round "2"]
[White "Zivkovic, Ivan B"]
[Black "Djosic, Slavoljub"]
[Result "1/2-1/2"]
[ECO "C55"]
[WhiteElo "2349"]
[BlackElo "2315"]
[Annotator "NA"]
[PlyCount "36"]
[EventDate "2018.09.14"]
[EventType "team-tourn"]
[EventCountry "SRB"]
[SourceTitle "playchess.com"]
[Source "ChessBase"]
[SourceQuality "1"]
[TimeControl "40/5400+30:1800+30"]

1. e4 e5 2. Nf3 Nc6 3. d4 exd4 4. Bc4 Nf6 5. e5 Ng4 6. Qe2 Qe7 7. Bf4 {[#]} d6 $1 {LiveBook: 49 Games} 8. exd6 $1 Qxe2+ 9. Bxe2 Bxd6 10. Bxd6 cxd6 11. Na3 O-O 12. Nb5 d3 13. cxd3 Nb4 14. Nfd4 Ne5 15. Kd2 Rd8 $14 16. f4 Nec6 17. Bf3 a6 18. Nxc6 Nxc6 1/2-1/2

[Event "Central-SRB chT 2018"]
[Site "Kragujevac"]
[Date "2018.09.15"]
[Round "2"]
[White "Ilic, Zoran S"]
[Black "Nestorovic, Lazar"]
[Result "1-0"]
[ECO "B48"]
[WhiteElo "2307"]
[BlackElo "2353"]
[Annotator "NA"]
[PlyCount "73"]
[EventDate "2018.09.14"]
[EventType "team-tourn"]
[EventCountry "SRB"]
[SourceTitle "playchess.com"]
[Source "ChessBase"]
[SourceQuality "1"]
[TimeControl "40/5400+30:1800+30"]

1. e4 c5 2. Nf3 e6 3. d4 cxd4 4. Nxd4 Nc6 5. Nc3 Qc7 6. Be3 a6 {[%emt 0:00:42] LiveBook: 6810 Games} 7. a3 b5 8. Qd2 {[%emt 0:01:17] B48: Sicilian: Taimanov: 5 Nc3 Qc7 6 Be3 a6 without Be2} (8. Nxc6 Qxc6 9. Bd3 Bb7 10. O-O Nf6 11. Re1 Rc8 12. Qf3 Bd6 13. Bd4 Qc7 14. Bxf6 gxf6 15. Qh5 Be5 16. Nd1 Ke7 17. c3 Rcg8 18. Ne3 Rg5 19. Qh3 {0-1 (47) Carlsen,M (2837)-Ding,L (2774) Saint Louis 2017}) 8... Bb7 9. f3 Nf6 10. g4 h6 11. O-O-O $146 ({Predecessor:} 11. Nxc6 Bxc6 12. Bf4 e5 13. Be3 b4 14. axb4 Bxb4 {0-1 (24) Sanchis Hernandez,S (1768)-Castella Garcia,F (2325) Xativa 2016}) 11... Ne5 12. Kb1 Rc8 13. Bf4 Be7 14. h4 d6 15. Rg1 Nfd7 16. g5 hxg5 17. Bxg5 Nf6 18. f4 Ned7 19. Bd3 Qb6 20. Nb3 Bc6 21. Qe2 e5 {[%emt 0:01:13] [#]} (21... Bb7 $14) 22. Nd5 $1 Bxd5 23. exd5 Kf8 24. Bf5 Re8 25. Qg2 ({Inferior is} 25. Bxf6 Nxf6 26. fxe5 dxe5 $11) 25... g6 26. Bxd7 Nxd7 27. f5 Bxg5 28. fxg6 Bf6 29. g7+ Bxg7 30. Qxg7+ Ke7 31. Qg5+ f6 32. Qf5 Kd8 33. h5 Re7 34. Rg3 Rh6 35. Rc3 Nc5 36. Rg1 Qc7 37. Nxc5 1-0

[Event "Central-SRB chT 2018"]
[Site "Kragujevac"]
[Date "2018.09.15"]
[Round "3"]
[White "Radovic, Janko"]
[Black "Radivojevic, Ivan"]
[Result "1-0"]
[ECO "B12"]
[WhiteElo "2405"]
[BlackElo "2360"]
[Annotator "ChessBase"]
[PlyCount "57"]
[EventDate "2018.09.14"]
[EventType "team-tourn"]
[EventCountry "SRB"]
[SourceTitle "playchess.com"]
[Source "ChessBase"]
[SourceQuality "1"]
[TimeControl "40/5400+30:1800+30"]

1. e4 c6 2. d4 d5 3. e5 Bf5 4. h4 Qb6 5. c4 dxc4 6. Nc3 Be6 7. Nf3 Bd5 8. b3 cxb3 9. Nxd5 cxd5 10. Rb1 e6 11. Rxb3 Qc7 12. Bd2 Nc6 13. Qb1 Rb8 14. Bd3 h5 15. O-O Nge7 16. Rc1 Qd7 17. a4 Nd8 18. a5 Rc8 19. a6 bxa6 20. Bxa6 Nec6 21. Bxc8 Qxc8 22. Ba5 Qd7 23. Bxd8 Nxd8 24. Rbc3 a5 25. Qb8 Be7 26. Rc8 Qa4 27. R1c7 f6 28. Ra7 Qa3 29. Qc7 1-0

[Event "Central-SRB chT 2018"]
[Site "Kragujevac"]
[Date "2018.09.15"]
[Round "3"]
[White "Zlatanovic, Boroljub"]
[Black "Radovanovic, Dusan"]
[Result "1/2-1/2"]
[ECO "A25"]
[WhiteElo "2371"]
[BlackElo "2321"]
[Annotator "ChessBase"]
[PlyCount "80"]
[EventDate "2018.09.14"]
[EventType "team-tourn"]
[EventCountry "SRB"]
[SourceTitle "playchess.com"]
[Source "ChessBase"]
[SourceQuality "1"]
[TimeControl "40/5400+30:1800+30"]

1. c4 e5 2. Nc3 Nc6 3. g3 Bc5 4. Bg2 a6 5. e3 d6 6. Nge2 Ba7 7. Nd5 Nge7 8. O-O O-O 9. b3 Bf5 10. d3 Qd7 11. Bb2 Rac8 12. d4 f6 13. Qd2 Nxd5 14. cxd5 Ne7 15. e4 Bh3 16. Rad1 Ng6 17. Qd3 Bxg2 18. Kxg2 f5 19. dxe5 dxe5 20. f3 f4 21. Rc1 Be3 22. Rc2 Rf6 23. Bc1 Bb6 24. Ba3 h5 25. Bc5 Bxc5 26. Rxc5 Rcf8 27. Qc4 R8f7 28. Qc3 fxg3 29. hxg3 Qe7 30. Qe3 h4 31. g4 h3+ 32. Kh2 Rxf3 33. Rxf3 Rxf3 34. Qxf3 Qxc5 35. Qf5 Nh4 36. Qh5 Qf2+ 37. Kxh3 Nf3 38. Qe8+ Kh7 39. Qh5+ Kg8 40. Qe8+ Kh7 1/2-1/2

[Event "Central-SRB chT 2018"]
[Site "Kragujevac"]
[Date "2018.09.15"]
[Round "3"]
[White "Ivanov, Mikhail M"]
[Black "Popchev, Milko"]
[Result "1/2-1/2"]
[ECO "A41"]
[WhiteElo "2367"]
[BlackElo "2267"]
[Annotator "ChessBase"]
[PlyCount "23"]
[EventDate "2018.09.14"]
[EventType "team-tourn"]
[EventCountry "SRB"]
[SourceTitle "playchess.com"]
[Source "ChessBase"]
[SourceQuality "1"]
[TimeControl "40/5400+30:1800+30"]

1. d4 d6 2. g3 g6 3. Bg2 Bg7 4. Nf3 Nd7 5. O-O e5 6. e4 Ngf6 7. Re1 O-O 8. h3 Re8 9. Nc3 b6 10. d5 Bb7 11. Nd2 Bh6 12. Nc4 1/2-1/2

[Event "Central-SRB chT 2018"]
[Site "Kragujevac"]
[Date "2018.09.15"]
[Round "3"]
[White "Kostic, Vladimir G"]
[Black "Radovanovic, Jovica"]
[Result "1/2-1/2"]
[ECO "B24"]
[WhiteElo "2334"]
[BlackElo "2322"]
[Annotator "NA"]
[PlyCount "35"]
[EventDate "2018.09.14"]
[EventType "team-tourn"]
[EventCountry "SRB"]
[SourceTitle "playchess.com"]
[Source "ChessBase"]
[SourceQuality "1"]
[TimeControl "40/5400+30:1800+30"]

1. e4 c5 2. Nc3 Nc6 3. Bb5 Nd4 4. Bc4 e6 5. Nf3 Nf6 6. O-O a6 7. Re1 b5 8. Bf1 Bb7 9. d3 Nxf3+ {[%emt 0:05:13] LiveBook: 4 Games} 10. Qxf3 Be7 11. Qg3 O-O 12. Be2 $11 Kh8 13. Bf3 Ne8 14. Bh5 Nf6 15. Bf3 Ne8 16. Bh5 Nf6 17. Bf3 Ne8 18. Bh5 1/2-1/2

[Event "Central-SRB chT 2018"]
[Site "Kragujevac"]
[Date "2018.09.15"]
[Round "3"]
[White "Sandic, Vladeta"]
[Black "Pantelic, Sasa"]
[Result "1/2-1/2"]
[ECO "E71"]
[WhiteElo "2324"]
[BlackElo "2294"]
[Annotator "NA"]
[PlyCount "54"]
[EventDate "2018.09.14"]
[EventType "team-tourn"]
[EventCountry "SRB"]
[SourceTitle "playchess.com"]
[Source "ChessBase"]
[SourceQuality "1"]
[TimeControl "40/5400+30:1800+30"]

1. d4 Nf6 2. c4 g6 3. Nc3 Bg7 4. e4 d6 5. h3 O-O 6. Nf3 e5 7. d5 Nbd7 8. Bg5 h6 9. Be3 Nc5 10. Nd2 {[%emt 0:00:43] LiveBook: 317 Games} a5 11. Be2 b6 12. g4 Qd7 13. Rg1 Bb7 14. h4 Nh7 15. Nb3 $16 Qe7 16. g5 h5 17. Qc2 c6 18. Nxc5 bxc5 19. O-O-O cxd5 20. cxd5 Ba6 21. Bxa6 Rxa6 22. Nb5 a4 23. Na3 Rb8 24. Nc4 Nf8 25. Rd3 Nd7 26. Ra3 Rba8 27. Bd2 Bf8 1/2-1/2

[Event "Central-SRB chT 2018"]
[Site "Kragujevac"]
[Date "2018.09.15"]
[Round "3"]
[White "Jesic, Dusan"]
[Black "Zivkovic, Dejan"]
[Result "1/2-1/2"]
[ECO "A01"]
[WhiteElo "2322"]
[BlackElo "2290"]
[Annotator "NA"]
[PlyCount "42"]
[EventDate "2018.09.14"]
[EventType "team-tourn"]
[EventCountry "SRB"]
[SourceTitle "playchess.com"]
[Source "ChessBase"]
[SourceQuality "1"]
[TimeControl "40/5400+30:1800+30"]

1. b3 e5 2. Bb2 Nc6 3. e3 d5 4. Bb5 f6 5. d4 exd4 {[%emt 0:07:07] LiveBook: 6 Games} 6. exd4 Be6 7. Nf3 Qd7 8. O-O $11 Nge7 9. Nc3 Ng6 10. Re1 O-O-O 11. Na4 Bg4 12. Re3 Nh4 13. Be2 Bxf3 14. Bxf3 Nxf3+ 15. Qxf3 Bd6 16. Rae1 Rhe8 17. g3 Rxe3 18. Rxe3 Bf8 19. Qe2 f5 20. f4 g6 21. c3 Bd6 1/2-1/2

[Event "Central-SRB chT 2018"]
[Site "Kragujevac"]
[Date "2018.09.15"]
[Round "3"]
[White "Colovic, Dusan"]
[Black "Ivanovic, Dragutin"]
[Result "*"]
[ECO "A40"]
[WhiteElo "2296"]
[BlackElo "2307"]
[Annotator "NA"]
[PlyCount "33"]
[EventDate "2018.09.14"]
[EventType "team-tourn"]
[EventCountry "SRB"]
[SourceTitle "playchess.com"]
[Source "ChessBase"]
[SourceQuality "1"]
[TimeControl "40/5400+30:1800+30"]

1. d4 d5 2. Bf4 Bf5 3. e3 e6 4. Nc3 Bd6 5. Nf3 Bxf4 6. exf4 Qd6 7. Qd2 a6 8. Ne5 h6 9. g4 Bh7 10. Bg2 Ne7 11. O-O-O Nd7 $11 12. Rhe1 Nxe5 13. fxe5 Qb4 14. f4 O-O-O 15. Ne2 Qxd2+ 16. Kxd2 b6 17. Rc1 *

[Event "Central-SRB chT 2018"]
[Site "Kragujevac"]
[Date "2018.09.16"]
[Round "4"]
[White "Atakisi, Umut"]
[Black "Ristic, Nenad"]
[Result "1-0"]
[ECO "B52"]
[WhiteElo "2397"]
[BlackElo "2359"]
[Annotator "NA"]
[PlyCount "49"]
[EventDate "2018.09.14"]
[EventType "team-tourn"]
[EventCountry "SRB"]
[SourceTitle "playchess.com"]
[Source "ChessBase"]
[SourceQuality "1"]
[TimeControl "40/5400+30:1800+30"]

1. e4 c5 2. Nf3 d6 3. Bb5+ Bd7 4. Bxd7+ Nxd7 5. O-O Ngf6 6. Qe2 e6 7. c3 Be7 8. d4 O-O 9. e5 $11 {[%emt 0:11:13] LiveBook: 41 Games} Ne8 10. Qe4 cxd4 11. cxd4 dxe5 12. dxe5 Nc5 13. Qg4 Qd3 14. Nc3 Rd8 15. Be3 Nc7 16. Rad1 Qc2 17. Rc1 Qd3 18. Bxc5 Bxc5 19. Na4 b6 20. b4 Nb5 21. bxc5 Nd4 22. Nxd4 Rxd4 23. Rfd1 Rxg4 24. Rxd3 Rxa4 25. c6 1-0

[Event "Central-SRB chT 2018"]
[Site "Kragujevac"]
[Date "2018.09.16"]
[Round "4"]
[White "Rajkovic, Dusan"]
[Black "Todorovic, Nenad I"]
[Result "1/2-1/2"]
[ECO "E15"]
[WhiteElo "2322"]
[BlackElo "2291"]
[Annotator "ChessBase"]
[PlyCount "76"]
[EventDate "2018.09.14"]
[EventType "team-tourn"]
[EventCountry "SRB"]
[SourceTitle "playchess.com"]
[Source "ChessBase"]
[SourceQuality "1"]
[TimeControl "40/5400+30:1800+30"]

1. d4 Nf6 2. c4 e6 3. Nf3 b6 4. g3 Ba6 5. b3 Bb4+ 6. Bd2 Be7 7. Nc3 c6 8. e4 d5 9. Qc2 dxe4 10. Nxe4 Bb7 11. Bd3 Nbd7 12. O-O Nxe4 13. Bxe4 Nf6 14. Rfe1 Nxe4 15. Qxe4 O-O 16. Rac1 Re8 17. Bf4 Ba3 18. Rcd1 f6 19. h4 Qd7 20. c5 Qd5 21. Bd6 Bb4 22. Re3 bxc5 23. Bxc5 Bxc5 24. Qxd5 cxd5 25. dxc5 e5 26. b4 Bc6 27. b5 Bxb5 28. Rxd5 Red8 29. Rd2 Rac8 30. Rc3 Kf7 31. g4 Ke6 32. Kg2 Rxd2 33. Nxd2 Kd5 34. Nb3 Bc4 35. h5 Bxb3 36. Rxb3 Rc7 37. Rb5 Kc4 38. a4 Kd5 1/2-1/2

[Event "Central-SRB chT 2018"]
[Site "Kragujevac"]
[Date "2018.09.16"]
[Round "4"]
[White "Simic, Dragisa"]
[Black "Irizanin, Radoje"]
[Result "1/2-1/2"]
[ECO "B13"]
[WhiteElo "2299"]
[BlackElo "2296"]
[Annotator "NA"]
[PlyCount "54"]
[EventDate "2018.09.14"]
[EventType "team-tourn"]
[EventCountry "SRB"]
[SourceTitle "playchess.com"]
[Source "ChessBase"]
[SourceQuality "1"]
[TimeControl "40/5400+30:1800+30"]

1. e4 c6 2. d4 d5 3. exd5 cxd5 4. c4 e6 5. Nf3 Nf6 6. Nc3 Bb4 7. cxd5 {[%emt 0:02:19] LiveBook: 2030 Games} Nxd5 8. Qc2 O-O 9. Bd3 {[%emt 0:01:07] B14: Caro-Kann (Panow-Angriff)} Nf6 (9... h6 10. O-O Nc6 11. a3 Bd6 12. Re1 Nce7 13. Qe2 Nf6 14. Ne4 Nf5 15. Nxd6 Qxd6 16. Bd2 a5 17. Qe5 Qxe5 18. dxe5 Nd5 19. Rac1 b6 {½-½ (58) Rakhmanov,A (2627)-Nihal,S (2551) Ankara 2018}) 10. Bg5 h6 11. Be3 $146 ({Vorgänger:} 11. Bh4 Nc6 12. Rd1 Be7 13. Qe2 Nb4 14. Bb1 Nfd5 15. Bg3 b6 16. O-O Ba6 17. Nb5 Nf6 18. Rfe1 {½-½ (18) Sieiro Gonzalez,L (2385)-Valiente,C (2335) Asuncion 1995}) 11... b6 12. O-O Bb7 13. Ne5 Nbd7 14. Nxd7 Qxd7 15. a3 Bd6 16. f3 Rac8 17. Qd2 Nd5 18. Nxd5 Bxd5 19. Rac1 Rxc1 20. Rxc1 Rc8 21. Be4 Rc6 22. Bxd5 exd5 23. Bf4 Bf8 24. g4 Rxc1+ 25. Qxc1 f5 26. h3 fxg4 27. hxg4 h5 $11 1/2-1/2

[Event "Central-SRB chT 2018"]
[Site "Kragujevac"]
[Date "2018.09.16"]
[Round "4"]
[White "Aleksic, Milan"]
[Black "Radovic, Janko"]
[Result "0-1"]
[ECO "B90"]
[WhiteElo "2257"]
[BlackElo "2405"]
[Annotator "ChessBase"]
[PlyCount "43"]
[EventDate "2018.09.14"]
[EventType "team-tourn"]
[EventCountry "SRB"]
[SourceTitle "playchess.com"]
[Source "ChessBase"]
[SourceQuality "1"]
[TimeControl "40/5400+30:1800+30"]

1. e4 c5 2. Nf3 d6 3. d4 cxd4 4. Nxd4 Nf6 5. Nc3 a6 6. f3 e5 7. Nb3 Be6 8. Be3 Nbd7 9. Qd2 Be7 10. O-O-O O-O 11. g4 b5 12. a3 Nb6 13. Na5 Qc7 14. g5 Nfd7 15. h4 Rfc8 16. Rh2 Rab8 17. h5 Nc4 18. Nxc4 bxc4 19. g6 Qb7 20. gxf7+ Bxf7 21. Na4 c3 22. Nxc3 0-1

[Event "Central-SRB chT 2018"]
[Site "Kragujevac"]
[Date "2018.09.17"]
[Round "5"]
[White "Savicevic, Vlatko"]
[Black "Soysal, Serkan"]
[Result "1/2-1/2"]
[ECO "C65"]
[WhiteElo "2338"]
[BlackElo "2404"]
[Annotator "RC"]
[PlyCount "39"]
[EventDate "2018.09.14"]
[EventType "team-tourn"]
[EventCountry "SRB"]
[SourceTitle "playchess.com"]
[Source "ChessBase"]
[SourceQuality "1"]
[TimeControl "40/5400+30:1800+30"]

1. e4 e5 2. Nf3 Nc6 3. Bb5 Nf6 4. d3 Bc5 5. Bxc6 dxc6 6. Qe2 Qe7 7. Nbd2 Bg4 8. h3 Bxf3 9. Nxf3 Nd7 10. c3 O-O 11. O-O a5 12. Be3 Rfe8 13. Rfe1 Rad8 14. Rad1 Qe6 15. a3 Bxe3 16. Qxe3 Qb3 17. Rd2 c5 18. Nh4 Qb6 19. Nf5 f6 20. Qg3 1/2-1/2

[Event "Central-SRB chT 2018"]
[Site "Kragujevac"]
[Date "2018.09.17"]
[Round "5"]
[White "Adzic, Momcilo"]
[Black "Radovic, Luka"]
[Result "1/2-1/2"]
[ECO "B23"]
[WhiteElo "2265"]
[BlackElo "2342"]
[Annotator "ChessBase"]
[PlyCount "58"]
[EventDate "2018.09.14"]
[EventType "team-tourn"]
[EventCountry "SRB"]
[SourceTitle "playchess.com"]
[Source "ChessBase"]
[SourceQuality "1"]
[TimeControl "40/5400+30:1800+30"]

1. e4 c5 2. Nc3 d6 3. g3 g6 4. Bg2 Bg7 5. Nge2 Nc6 6. O-O e6 7. d3 Nge7 8. Be3 Nd4 9. Qd2 O-O 10. Nd1 Rb8 11. Nxd4 cxd4 12. Bg5 Qc7 13. c4 b5 14. Bxe7 Qxe7 15. cxb5 Rxb5 16. b4 Qc7 17. a4 Rb8 18. Re1 Bd7 19. b5 a6 20. bxa6 Qb6 21. Ra2 Qb3 22. a5 Bb5 23. a7 Ra8 24. Bf1 Rxa7 25. Rb2 Qa4 26. Ra2 Qb3 27. Rb2 Qa4 28. Ra2 Qb3 29. Rb2 Qa4 1/2-1/2

[Event "Central-SRB chT 2018"]
[Site "Kragujevac"]
[Date "2018.09.17"]
[Round "5"]
[White "Matovic, Petar"]
[Black "Stankovic, Dragan P"]
[Result "0-1"]
[ECO "A48"]
[WhiteElo "2045"]
[BlackElo "2229"]
[Annotator "NA"]
[PlyCount "34"]
[EventDate "2018.09.14"]
[EventType "team-tourn"]
[EventCountry "SRB"]
[SourceTitle "playchess.com"]
[Source "ChessBase"]
[SourceQuality "1"]
[TimeControl "40/5400+30:1800+30"]

1. d4 Nf6 2. Nf3 g6 3. Bf4 Bg7 4. e3 O-O 5. Be2 c5 6. O-O Qb6 7. Qc1 Nc6 8. c3 d5 9. Nbd2 Bf5 10. b3 Rac8 11. Qb2 Nh5 12. Bg5 h6 13. Bh4 g5 14. dxc5 Qxc5 15. Nd4 Nf4 $19 ({Inferior is} 15... gxh4 16. Nxf5 Bxc3 17. Rac1 $11 (17. Nxh6+ $2 Kh7 $19)) 16. b4 Nxe2+ 17. Nxe2 Qb5 0-1

[Event "Central-SRB chT 2018"]
[Site "Kragujevac"]
[Date "2018.09.18"]
[Round "7"]
[White "Mijailovic, Zoran"]
[Black "Jovanovic, Bojan P"]
[Result "1/2-1/2"]
[ECO "B06"]
[WhiteElo "2400"]
[BlackElo "2275"]
[Annotator "RC"]
[PlyCount "114"]
[EventDate "2018.09.14"]
[EventType "team-tourn"]
[EventCountry "SRB"]
[SourceTitle "playchess.com"]
[Source "ChessBase"]
[SourceQuality "1"]
[TimeControl "40/5400+30:1800+30"]

1. d4 g6 2. e4 Bg7 3. c4 d6 4. Nc3 e5 5. Nf3 Bg4 6. d5 Bxf3 7. Qxf3 Nd7 8. h4 h5 9. g3 Bh6 10. Bh3 Bxc1 11. Rxc1 a5 12. Na4 Nc5 13. Nxc5 dxc5 14. Qe3 Qe7 15. f4 Nf6 16. O-O O-O 17. f5 Kg7 18. Rc2 Ra6 19. Rcf2 Nh7 20. fxg6 fxg6 21. Be6 Rxf2 22. Rxf2 Nf6 23. Qg5 Rxe6 24. dxe6 Qxe6 25. Rf1 Qd6 26. Qe3 Qd4 27. Qxd4 cxd4 28. Re1 c5 29. Kf2 Kf7 30. Kf3 Ke6 31. Rd1 Kd6 32. Rb1 Ng4 33. Ke2 Ne3 34. Kd3 Kc6 35. Re1 b5 36. b3 b4 37. Re2 Ng4 38. a3 bxa3 39. Ra2 Kb6 40. Ke2 Ka6 41. Rxa3 Kb6 42. Ra1 Ne3 43. Kd3 Ka6 44. Ra2 Ng4 45. Rd2 Kb6 46. Rc2 Kc6 47. Ke2 Kb6 48. Rc1 Ne3 49. Ra1 Ka6 50. Rh1 Kb6 51. Kd3 Kc6 52. Re1 Kb6 53. Ra1 Ka6 54. Rh1 Kb6 55. g4 hxg4 56. h5 gxh5 57. Rxh5 g3 1/2-1/2

[Event "Central-SRB chT 2018"]
[Site "Kragujevac"]
[Date "2018.09.18"]
[Round "7"]
[White "Radivojevic, Ivan"]
[Black "Todorovic, Nenad I"]
[Result "1/2-1/2"]
[ECO "B23"]
[WhiteElo "2360"]
[BlackElo "2291"]
[Annotator "ChessBase"]
[PlyCount "28"]
[EventDate "2018.09.14"]
[EventType "team-tourn"]
[EventCountry "SRB"]
[SourceTitle "playchess.com"]
[Source "ChessBase"]
[SourceQuality "1"]
[TimeControl "40/5400+30:1800+30"]

1. e4 c5 2. Nc3 Nc6 3. Nge2 e5 4. Nd5 Nge7 5. Nec3 d6 6. Bc4 Nxd5 7. Nxd5 Be7 8. d3 O-O 9. O-O Be6 10. c3 Rb8 11. a4 Bg5 12. Be3 Bxe3 13. Nxe3 Qd7 14. Qd2 Rbc8 1/2-1/2

[Event "Central-SRB chT 2018"]
[Site "Kragujevac"]
[Date "2018.09.18"]
[Round "7"]
[White "Markovic, Zoran S"]
[Black "Gavrilovic, Leonardo"]
[Result "1/2-1/2"]
[ECO "B04"]
[WhiteElo "2346"]
[BlackElo "2243"]
[Annotator "ChessBase"]
[PlyCount "90"]
[EventDate "2018.09.14"]
[EventType "team-tourn"]
[EventCountry "SRB"]
[SourceTitle "playchess.com"]
[Source "ChessBase"]
[SourceQuality "1"]
[TimeControl "40/5400+30:1800+30"]

1. e4 Nf6 2. e5 Nd5 3. d4 d6 4. Nf3 g6 5. Bc4 Nb6 6. Bb3 Bg7 7. a4 a5 8. Qe2 Nc6 9. O-O d5 10. h3 O-O 11. c3 f6 12. exf6 exf6 13. Re1 Bd7 14. Bf4 Re8 15. Qd2 Ne7 16. Re2 Bc6 17. Ne1 Nc4 18. Qc2 Qd7 19. Nd3 b6 20. Nd2 Nxd2 21. Qxd2 Nf5 22. Rae1 Kf7 23. Bc2 Nd6 24. Rxe8 Rxe8 25. Rxe8 Kxe8 26. b3 Bf8 27. f3 Qc8 28. Nf2 Bd7 29. Ng4 Kf7 30. Bg3 Nf5 31. Bxf5 Bxf5 32. Nh6+ Kg7 33. Qf4 Bc2 34. Ng4 Be7 35. Qxc7 Qe6 36. c4 Bxb3 37. c5 bxc5 38. dxc5 h5 39. Nf2 Bxa4 40. Bd6 Kf8 41. Bxe7+ Qxe7 42. Qxa5 Bd7 43. Qc3 Kf7 44. f4 Qe2 45. c6 Bxc6 1/2-1/2

[Event "Central-SRB chT 2018"]
[Site "Kragujevac"]
[Date "2018.09.18"]
[Round "7"]
[White "Paunovic, Tomislav"]
[Black "Djordjevic, Vuk"]
[Result "1/2-1/2"]
[ECO "A05"]
[WhiteElo "2340"]
[BlackElo "2404"]
[Annotator "ChessBase"]
[PlyCount "102"]
[EventDate "2018.09.14"]
[EventType "team-tourn"]
[EventCountry "SRB"]
[SourceTitle "playchess.com"]
[Source "ChessBase"]
[SourceQuality "1"]
[TimeControl "40/5400+30:1800+30"]

1. Nf3 Nf6 2. g3 d5 3. Bg2 e6 4. O-O Be7 5. b3 O-O 6. Bb2 b5 7. c4 c6 8. Ne5 Nfd7 9. cxb5 Nxe5 10. Bxe5 cxb5 11. Bb2 a5 12. Nc3 b4 13. Na4 Bd7 14. e4 Bxa4 15. bxa4 dxe4 16. Qg4 Bf6 17. Bxf6 Qxf6 18. Qxe4 Ra6 19. a3 Rb6 20. Rab1 Na6 21. Qc4 Qd8 22. axb4 Nxb4 23. d4 Qd7 24. Qc5 Ra6 25. Rfd1 Rc8 26. Qb5 Qxb5 27. axb5 Rb6 28. Bf1 g6 29. Ra1 Ra8 30. Ra4 Kg7 31. Rda1 Rd8 32. Rxa5 Nc2 33. Rd1 Nxd4 34. Kg2 e5 35. f4 Rc8 36. fxe5 Rc2+ 37. Kh1 Nf3 38. Bg2 Nxe5 39. Rb1 Nc4 40. Ra6 Rxb5 41. Rxb5 Rc1+ 42. Bf1 Ne3 43. h3 Rxf1+ 44. Kh2 Rf2+ 45. Kh1 Rf1+ 46. Kh2 Rf3 47. Rb2 Nf5 48. Rg2 Rf1 49. Raa2 h5 50. Rgf2 Rd1 51. Rfd2 Rc1 1/2-1/2

[Event "Central-SRB chT 2018"]
[Site "Kragujevac"]
[Date "2018.09.18"]
[Round "7"]
[White "Radosavljevic, Slobodan S"]
[Black "Dimitrijevic, Radmilo"]
[Result "0-1"]
[ECO "D24"]
[WhiteElo "2106"]
[BlackElo "2247"]
[Annotator "NA"]
[PlyCount "50"]
[EventDate "2018.09.14"]
[EventType "team-tourn"]
[EventCountry "SRB"]
[SourceTitle "playchess.com"]
[Source "ChessBase"]
[SourceQuality "1"]
[TimeControl "40/5400+30:1800+30"]

1. d4 d5 2. Nf3 Nf6 3. c4 dxc4 4. Nc3 a6 {LiveBook: 774 Games} 5. a4 Nc6 6. e4 Bg4 7. e5 {D24: Queen's Gambit Accepted: 3 Nf3 Nf6 4 Nc3} (7. Be3 Bxf3 8. gxf3 e5 9. dxe5 Nxe5 10. f4 Nd3+ 11. Bxd3 cxd3 12. Qb3 Be7 13. O-O-O O-O 14. Rhg1 b5 15. e5 Nd7 16. Rxd3 Qc8 {0-1 (30) Ivanchuk,V (2710)-Dominguez Perez,L (2732) Huaian 2016}) 7... Bxf3 8. gxf3 Nd5 9. Bxc4 Nb6 10. Bxf7+ $146 ({Predecessor:} 10. Ba2 Qxd4 11. Qb3 e6 12. Be3 Qb4 13. f4 Rd8 14. Bxb6 cxb6 15. Qxb4 Nxb4 {0-1 (51) Solymosi,I (2177)-Farkas,R (2117) Hungary 2012}) 10... Kxf7 11. e6+ Kxe6 12. Qb3+ Nd5 13. O-O Ncb4 14. Nxd5 Nxd5 15. Qxb7 Kf7 16. Re1 e6 17. Bd2 Bd6 18. Re4 Qd7 19. Qb3 Rhe8 20. f4 Kg8 $19 21. f5 Qf7 22. Rxe6 Qxf5 23. Re5 Rxe5 24. dxe5 Qxe5 25. Bf4 Qe6 0-1

[Event "Central-SRB chT 2018"]
[Site "Kragujevac"]
[Date "2018.09.18"]
[Round "7"]
[White "Arandjelovic, Aleksandar Z"]
[Black "Rajkovic, Mladen"]
[Result "0-1"]
[ECO "D85"]
[WhiteElo "2041"]
[BlackElo "2304"]
[Annotator "ChessBase"]
[PlyCount "168"]
[EventDate "2018.09.14"]
[EventType "team-tourn"]
[EventCountry "SRB"]
[SourceTitle "playchess.com"]
[Source "ChessBase"]
[SourceQuality "1"]
[TimeControl "40/5400+30:1800+30"]

1. d4 Nf6 2. c4 g6 3. Nc3 d5 4. cxd5 Nxd5 5. e4 Nxc3 6. bxc3 Bg7 7. Nf3 O-O 8. Be2 c5 9. Rb1 b6 10. O-O Bb7 11. Qd3 Ba6 12. Qe3 Qc8 13. Re1 Bxe2 14. Qxe2 Qa6 15. Qb2 cxd4 16. cxd4 Nc6 17. Be3 Rac8 18. Qb3 e6 19. h4 Rfd8 20. Bg5 Nxd4 21. Nxd4 Rxd4 22. e5 Qd3 23. Rbc1 Qa6 24. Rxc8+ Qxc8 25. Rc1 Qd7 26. Qf3 Bxe5 27. h5 Rd5 28. h6 f5 29. Re1 Kf7 30. g3 Bf6 31. Bxf6 Kxf6 32. Qc3+ Rd4 33. f4 Ke7 34. Qa3+ Kf7 35. Qc3 Qd8 36. Kh2 g5 37. fxg5 Rd2+ 38. Kh3 Qxg5 39. Qc7+ Qe7 40. Qc3 Qg5 41. Qc7+ Kf8 42. Qb8+ Rd8 43. Qf4 Qxf4 44. gxf4 Kf7 45. Kh4 Rg8 46. Rc1 Rg4+ 47. Kh5 Rxf4 48. Rc7+ Kf6 49. Rxh7 Rf1 50. Kh4 Rh1+ 51. Kg3 Kg5 52. Rg7+ Kxh6 53. Rxa7 Kg5 54. Rg7+ Kf6 55. Rb7 Ra1 56. Ra7 Rb1 57. Ra8 Rb5 58. Kf4 Rb4+ 59. Ke3 b5 60. Rf8+ Ke5 61. Rb8 Rb2 62. Rb7 Rxa2 63. Rxb5+ Kf6 64. Rb6 Ra4 65. Kf3 Rd4 66. Ra6 f4 67. Ra8 Kf5 68. Rf8+ Ke5 69. Ra8 Rd3+ 70. Ke2 Ke4 71. Ra4+ Rd4 72. Ra2 f3+ 73. Kf2 e5 74. Ke1 Ke3 75. Re2+ Kf4 76. Ra2 e4 77. Ra8 e3 78. Rf8+ Kg3 79. Rg8+ Rg4 80. Rf8 Kg2 81. Rf7 Ra4 82. Rg7+ Kh3 83. Rh7+ Kg4 84. Rg7+ Kh5 0-1